AoeStats
← schmeno

Arena

513702423Analyzed
4v4 RM · 16h ago on Oct 14, 2026· 98m 49s· 8 players
Game mode
Random Map
Map size
Large (8 player)
Population
200
Speed
Normal
Resources
Standard
Victory
Conquest
Starting age
Dark Age
Ending age
Imperial Age
RankedLock teamsTeams togetherTeam positionsShared explorationLock speedFull tech treeHidden civsTurbo modeCheats
Victory
Defeat
🇨🇭 Danes · Switzerland
1142
+15
🇺🇸 Saxons · United States
1132
+16
🇹🇼 Jurchens · Taiwan
1131
+16
🇸🇪 Poles · Sweden
1092
+16
vs
🇺🇸 Saxons · United States
1157
-17
🇺🇸 Malay · United States
1154
-17
🇺🇸 Khmer · United States
1132
-16
🇺🇸 Teutons · United States
1056
-13
Night Hawk Shadow Force
10:10 Feudal Age
15:18 Castle Age
13:19 Horse Collar
13:54 Double-Bit Axe
17:10 Heavy Plow
23:19 Wheelbarrow
24:38 Stone Mining
24:43 Gold Mining
27:17 Bow Saw
27:44 Husbandry
27:55 Bloodlines
29:57 Hand Cart
29:28 Loom
29:30 Town Watch
31:13 Fletching
31:23 Padded Archer Armor
37:32 Ballistics
40:41 Imperial Age
42:43 Chemistry
41:46 Heavy Scorpion
45:04 Siege Engineers
69:03 Capped Ram
71:39 Town Patrol
83:07 Elite Battle Elephant
88:10 Scale Barding Armor
88:16 Forging
Simon Nelson Cook
10:22 Feudal Age
14:50 Castle Age
13:11 Double-Bit Axe
14:01 Horse Collar
19:14 Bow Saw
22:15 Squires
22:01 Arson
22:45 Loom
24:53 Fletching
25:04 Scale Mail Armor
25:29 Ballistics
26:57 Forging
32:17 Imperial Age
30:33 Bodkin Arrow
34:13 Chemistry
34:56 Crenellations
35:38 Elite Teutonic Knight
40:24 Cavalier
42:48 Bloodlines
45:05 Arrowslits
45:36 Fortified Wall
45:38 Masonry
46:03 Conscription
46:27 Wheelbarrow
45:43 Town Watch
45:47 Paladin
47:21 Pikeman
48:41 Chain Mail Armor
49:02 Iron Casting
50:15 Halberdier
57:38 Blast Furnace
56:45 Scale Barding Armor
57:10 Plate Mail Armor
Tired Cock
10:47 Feudal Age
11:04 Loom
11:37 Loom
15:07 Castle Age
14:16 Horse Collar
14:22 Double-Bit Axe
17:53 Heavy Plow
19:57 Bow Saw
23:11 Wheelbarrow
26:47 Imperial Age
26:43 Fletching
27:10 Hand Cart
29:42 Scale Barding Armor
30:30 Husbandry
29:55 Elite Battle Elephant
30:36 Bodkin Arrow
30:43 Murder Holes
31:54 Conscription
32:42 Conscription
34:13 Masonry
37:18 Forging
46:38 Forced Levy
47:19 Forced Levy
48:28 Man-at-Arms
49:09 Squires
48:57 Arson
49:00 Long Swordsman
50:35 Iron Casting
50:19 Two-Handed Swordsman
61:34 Blast Furnace
schmeno
10:19 Feudal Age
14:07 Castle Age
12:06 Double-Bit Axe
12:51 Stone Mining
16:27 Loom
16:37 Horse Collar
17:38 Fletching
19:39 Bodkin Arrow
26:42 Imperial Age
25:09 Gold Mining
26:20 Redemption
25:56 Clerical Recruitment
27:17 Ballistics
29:00 Wheelbarrow
30:44 Bracer
32:00 Block Printing
32:11 Guard Tower
32:10 Arrowslits
33:31 Illumination
34:18 Bow Saw
35:55 Chemistry
36:43 Capped Ram
37:47 Padded Archer Armor
38:24 Keep
41:03 Gold Shaft Mining
41:34 Leather Archer Armor
42:05 Fortified Wall
41:38 Treadmill Crane
42:09 Masonry
42:05 Siege Engineers
41:25 Crossbowman
42:30 Murder Holes
43:31 Thumb Ring
42:55 Arbalester
46:15 Architecture
49:33 Fortified Wall
52:24 Conscription
53:20 Siege Ram
Lord Tay
6:06 Loom
11:18 Feudal Age
12:46 Wheelbarrow
12:13 Town Watch
12:20 Double-Bit Axe
14:08 Fletching
14:30 Padded Archer Armor
20:17 Castle Age
18:40 Horse Collar
22:00 Bow Saw
25:17 Leather Archer Armor
26:11 Hand Cart
26:39 Husbandry
28:04 Ballistics
30:23 Fortified Wall
30:24 Masonry
30:06 Guard Tower
31:06 Thumb Ring
38:14 Imperial Age
37:38 Bloodlines
38:54 Cranequins
39:48 Heavy Mounted Crossbowman
42:34 Bodkin Arrow
48:31 Ring Archer Armor
49:54 Bracer
Mini Vici
10:45 Feudal Age
11:56 Loom
12:33 Double-Bit Axe
15:02 Castle Age
13:36 Horse Collar
14:01 Gold Mining
15:02 Loom
15:47 Man-at-Arms
16:38 Gambesons
18:35 Fletching
19:32 Town Watch
20:03 Squires
23:50 Bodkin Arrow
27:25 Long Swordsman
28:33 Masonry
28:14 Guard Tower
30:36 Scale Mail Armor
30:46 Forging
firstApe
13:52 Feudal Age
14:42 Horse Collar
18:14 Castle Age
16:08 Double-Bit Axe
23:23 Bow Saw
23:16 Heavy Plow
26:41 Wheelbarrow
25:52 Town Watch
25:52 Loom
26:52 Bloodlines
26:44 Husbandry
26:53 Scale Barding Armor
27:39 Forging
28:23 Szlachta Privileges
29:05 Chain Barding Armor
29:21 Iron Casting
40:17 Imperial Age
38:05 Hand Cart
38:24 Light Cavalry
40:26 Cavalier
40:34 Cavalier
41:44 Conscription
41:46 Lechitic Legacy
41:31 Winged Hussar
44:25 Crop Rotation
44:27 Pikeman
45:08 Squires
46:29 Masonry
46:42 Ballistics
49:49 Murder Holes
50:55 Chemistry
50:39 Elite Obuch
58:53 Caravan
64:30 Thumb Ring
64:06 Elite Skirmisher
njc61224
11:20 Feudal Age
12:47 Double-Bit Axe
15:20 Castle Age
13:56 Horse Collar
14:49 Loom
17:00 Bow Saw
22:06 Heavy Plow
23:31 Wheelbarrow
24:40 Hand Cart
26:17 Gold Mining
26:21 Stone Mining
29:02 Imperial Age
27:00 Scale Barding Armor
27:34 Gold Shaft Mining
27:24 Bloodlines
27:15 Husbandry
27:40 Forging
27:22 Town Watch
28:15 Chain Barding Armor
28:42 Stone Shaft Mining
29:31 Iron Casting
28:57 Treadmill Crane
29:35 Elite Steppe Lancer
30:46 Conscription
32:14 Chemistry
31:52 Plate Barding Armor
34:11 Light Cavalry
35:21 Hussar
39:45 Fortified Bastions
41:21 Siege Engineers
41:37 Ballistics
41:29 Masonry
41:14 Murder Holes
42:22 Hoardings
47:02 Blast Furnace
46:50 Coinage
50:53 Banking
52:16 Fortified Wall
52:37 Architecture
59:15 Two-Man Saw
58:47 Crop Rotation
58:21 Town Patrol
60:55 Fletching
63:42 Bodkin Arrow
65:53 Bracer
70:35 Guilds
88:01 Capped Ram
89:03 Heavy Rocket Cart
89:04 Siege Ram
92:04 Elite Iron Pagoda
Connection lost

Rejoining the realm…

Still unreachable

The connection could not be restored.

Session expired

The server has moved on; the page needs a fresh start.